 Dungeon Crawl Stone Soup version 0.19.0 (webtiles) character file.

2444 tv1990 the Warmonger (level 9, -1/69 HPs)
             Began as a Formicid Monk on Nov 1, 2016.
             Was an Elder of Okawaru.
             Killed by nerve-wracking pain
             ... invoked by Menkaure
              (14 damage)
             ... on level 7 of the Dungeon.
             The game lasted 00:17:14 (6343 turns).

tv1990 the Warmonger (Formicid Monk)                Turns: 6343, Time: 00:17:15

Health: -1/69      AC: 19    Str: 16    XL:     9   Next: 78%
Magic:  16/16      EV: 11    Int: 10    God:    Okawaru [****..]
Gold:   304        SH:  0    Dex: 16    Spells: 2 memorised, 4 levels left

rFire  . . .     SeeInvis +     v - +0 war axe
rCold  . . .     Gourm    .     k - +0 chain mail
rNeg   . . .     Faith    +     (no shield)
rPois  +         Spirit   .     (helmet unavailable)
rElec  .         Reflect  .     y - +0 cloak
rCorr  .         Harm     .     (no gloves)
MR     .....                    h - +0 pair of boots
Stlth  ..........               e - amulet of faith
                                u - +5 ring of protection
                                q - ring of poison resistance

@: confused, heroism
A: permanent stasis, dig shafts and tunnels, four strong arms, antennae 3
a: Dig, Shaft Self, Heroism, Renounce Religion


You were on level 7 of the Dungeon.
You worshipped Okawaru.
Okawaru was greatly pleased with you.
You were hungry.

You visited 2 branches of the dungeon, and saw 8 of its levels.

You collected 304 gold pieces.

Inventory:

Hand Weapons
 a - a +0 hand axe
 v - a +0 war axe (weapon)
Armour
 b - a +0 robe
 h - a +0 pair of boots (worn)
 k - a +0 chain mail (worn)
 y - a +0 cloak (worn)
Jewellery
 e - an amulet of faith (around neck)
 q - a ring of poison resistance (left hand)
 u - a +5 ring of protection (right hand)
 F - an uncursed ring of wizardry {unknown}
Wands
 P - a wand of polymorph (7/24)
Scrolls
 g - 2 scrolls of remove curse
 i - a scroll of enchant armour {unknown}
 j - 2 scrolls of recharging
 m - a scroll of magic mapping {unknown}
 n - 2 scrolls of noise {unknown}
 o - a scroll of teleportation {unknown}
 C - 2 scrolls of fog {unknown}
 D - a scroll of amnesia
 I - a scroll of random uselessness {unknown}
 M - a scroll of fear {unknown}
 N - a scroll of identify
 O - a scroll of immolation
Potions
 l - a potion of brilliance {unknown}
 p - 2 potions of mutation {unknown}
 r - a potion of ambrosia
 s - 3 potions of curing {unknown}
 t - a potion of lignification
 w - a potion of might {unknown}
 x - a potion of heal wounds {unknown}
 z - a potion of berserk rage {unknown}
 B - a potion of degeneration {unknown}
 E - a potion of magic {unknown}
 G - a potion of flight {unknown}
 J - 2 potions of cancellation {unknown}
 K - a potion of haste {unknown}
 L - a potion of invisibility {unknown}
Comestibles
 c - 6 bread rations
 d - a meat ration
 f - a royal jelly
 A - a beef jerky
 H - 2 chunks of flesh


   Skills:
 + Level 5.9(10.9) Fighting
 * Level 7.0(12.0) Axes
 + Level 4.8(9.8) Armour
 + Level 2.6(7.6) Dodging
 - Level 2.4(7.4) Stealth
 - Level 10.2 Invocations


You had 4 spell levels left.
You knew the following spells:

 Your Spells              Type           Power        Failure   Level  Hunger
a - Repel Missiles        Chrm/Air       #.....       100%        2    ###....
b - Swiftness             Chrm/Air       #.......     100%        2    ###....


Dungeon Overview and Level Annotations

Branches:
Dungeon (7/15)             Temple (1/1) D:4

Altars:
Ashenzari
Gozag
Makhleb
Nemelex Xobeh
Okawaru
Ru
Sif Muna
Trog
Vehumet
Yredelemnul
The Shining One

Annotations:
D:7 Menkaure


Innate Abilities, Weirdness & Mutations

You are under a permanent stasis effect.
You can dig through walls and to a lower floor.
Your four strong arms can wield two-handed weapons with a shield.
You have a pair of large antennae on your head. (SInv)


Message History

* * * LOW HITPOINT WARNING * * *
You hit Menkaure.
Menkaure is heavily damaged.
Menkaure hits you!
* * * LOW HITPOINT WARNING * * *
You are confused.
You feel invigorated. Menkaure barely misses you.
Menkaure hits you but does no damage.
Your chain mail prevents you from hitting Menkaure.
Menkaure is heavily damaged.
Menkaure hits you.
* * * LOW HITPOINT WARNING * * *
You hit Menkaure but do no damage.
Menkaure is heavily damaged.
Menkaure hits you but does no damage.
You hit Menkaure.
Menkaure is heavily damaged.
Menkaure casts a spell at you. Pain shoots through your body!
You die...

### +.# #.# #M#
##@#
#..##..#######
..............#
##..#####.###.#
$.. ##.###.######
## #...#...#....
#.#...#.......
####...#...#.####
.......##.##.#


You could see Menkaure.

Vanquished Creatures
  Sigmund (D:2)
  A sky beast (D:6)
  A phantom (D:6)
  A hornet zombie (D:6)
  6 ogres
  A centaur (D:6)
  4 bullfrogs (D:6)
  A scorpion (D:4)
  3 killer bees (D:6)
  2 crimson imps
  A centaur zombie (D:6)
  A bullfrog zombie (D:6)
  2 quasits
  2 jellies
  2 centaur skeletons
  4 orc wizards
  3 orc priests
  A bullfrog skeleton (D:5)
  An iguana (D:5)
  5 worker ants
  A hound zombie (D:5)
  2 worker ant zombies (D:6)
  Robin (D:2)
  7 gnolls
  7 adders
  2 shadow imps
  2 oozes
  An adder zombie (D:5)
  2 adder skeletons
  3 worms
  4 dart slugs
  2 leopard geckos
  10 orcs
  9 giant cockroaches
  14 goblins
  11 hobgoblins
  2 quokkas
  10 bats
  5 frilled lizards
  3 kobolds
  A quokka zombie (D:6)
  14 rats
156 creatures vanquished.

Notes
Turn   | Place    | Note
-------+----------+-------------------------------------------
     0 | D:1      | tv1990 the Formicid Monk began the quest for the Orb.
     0 | D:1      | Reached XP level 1. HP: 18/18 MP: 1/1
   152 | D:1      | Reached XP level 2. HP: 20/24 MP: 2/2
   270 | D:1      | Reached skill level 1 in Armour
   504 | D:1      | Reached XP level 3. HP: 29/29 MP: 3/3
   670 | D:2      | Noticed Sigmund
   690 | D:2      | Killed Sigmund
   690 | D:2      | Reached XP level 4. HP: 37/37 MP: 4/4
   690 | D:2      | Reached XP level 5. HP: 42/42 MP: 5/5
   742 | D:2      | Noticed Robin
   748 | D:2      | Found a sparkling altar of Nemelex Xobeh.
   767 | D:1      | Reached XP level 6. HP: 30/48 MP: 6/6
  1045 | D:2      | Reached skill level 5 in Axes
  1049 | D:2      | Killed Robin
  1465 | D:2      | Found a glowing golden altar of the Shining One.
  2600 | D:4      | Noticed an ogre
  2714 | D:4      | Found a staircase to the Ecumenical Temple.
  2719 | Temple   | Entered the Ecumenical Temple
  2779 | Temple   | Became a worshipper of Warmaster Okawaru
  2779 | Temple   | Reached * piety under Okawaru
  2779 | Temple   | Reached ** piety under Okawaru
  2894 | D:4      | Reached XP level 7. HP: 42/55 MP: 7/7
  3000 | D:4      | Found a glowing golden altar of the Shining One.
  3034 | D:4      | Reached skill level 5 in Fighting
  3589 | D:5      | Entered Level 5 of the Dungeon
  3903 | D:5      | Reached XP level 8. HP: 46/63 MP: 8/8
  4398 | D:5      | Found a burning altar of Makhleb.
  4401 | D:5      | Found a bloodstained altar of Trog.
  4424 | D:5      | Reached skill level 1 in Invocations
  4485 | D:5      | Reached *** piety under Okawaru
  4485 | D:5      | Reached skill level 2 in Invocations
  4530 | D:5      | Reached skill level 3 in Invocations
  4833 | D:5      | Learned a level 2 spell: Repel Missiles
  4836 | D:5      | Learned a level 2 spell: Swiftness
  5294 | D:6      | Reached skill level 4 in Invocations
  5324 | D:6      | Reached skill level 5 in Invocations
  5425 | D:6      | Reached skill level 6 in Invocations
  5425 | D:6      | Reached XP level 9. HP: 59/69 MP: 13/13
  5462 | D:6      | Reached skill level 7 in Invocations
  5576 | D:6      | Found a shattered altar of Ashenzari.
  5712 | D:6      | Reached skill level 8 in Invocations
  5728 | D:6      | Reached **** piety under Okawaru
  5786 | D:6      | Reached skill level 9 in Invocations
  6267 | D:7      | Reached skill level 10 in Invocations
  6332 | D:7      | Noticed Menkaure
  6339 | D:7      | HP: 3/69 [Menkaure (17)]
  6343 | D:7      | Killed from afar by Menkaure

Skill      XL: |  1  2  3  4  5  6  7  8  9 |
---------------+----------------------------+-----
Armour         | 1 2 3 4 |  4.8
Fighting       | 4 5 |  5.9
Axes           | 4 5 6 7 |  7.0
Invocations    | 6 10 | 10.2
Dodging        | |  2.6
Stealth        | |  2.4

Action                   |  1- 3 |  4- 6 |  7- 9 || total
-------------------------+-------+-------+-------++-------
Melee: Hand axe          |    85 |   180 |       ||   265
       War axe           |       |    50 |   359 ||   409
       Punch             |       |       |     3 ||     3
Invok: Heroism           |       |       |     9 ||     9
 Abil: Dig               |       |     4 |     4 ||     8
  Use: Scroll            |     1 |     4 |       ||     5
       Potion            |     1 |       |     3 ||     4
 Stab: Sleeping          |     5 |       |       ||     5
       Distracted        |       |     1 |       ||     1
  Eat: Chunk             |       |     7 |    12 ||    19
Armor: Robe              |    15 |     7 |       ||    22
       Skin              |     8 |     1 |    23 ||    32
       Chain mail        |       |    90 |   262 ||   352
Dodge: Dodged            |    53 |   120 |   157 ||   330

Table legend:
 A = Turns spent in this place as a percentage of turns spent in the entire game.
 B = Non-inter-level travel turns spent in this place as a percentage of non-inter-level travel turns spent in the entire game.
 C = Inter-level travel turns spent in this place as a percentage of turns spent in this place.
 D = Turns resting spent in this place as a percentage of non-inter-level travel turns spent in this place.
 E = Turns spent auto-exploring this place as a percentage of non-inter-level travel turns spent in this place.
 F = Non-inter-level travel turns spent in this place divided by the number of levels of this place that you've seen.
                   A       B       C       D       E      F
               +-------+-------+-------+-------+-------+----------------------
         Total | 100.0 | 100.0 |   0.5 |   1.9 |  17.6 | 195.2
       Dungeon |  98.9 |  99.0 |   0.5 |   1.9 |  17.6 | 220.9
        Temple |   1.1 |   1.0 |   5.9 |   0.0 |  18.8 |  16.0
               +-------+-------+-------+-------+-------+----------------------

Table legend:
 A = Kills in this place as a percentage of kills in entire the game.
 B = Kills by you in this place as a percentage of kills by you in the entire game.
 C = Kills by friends in this place as a percentage of kills by friends in the entire game.
 D = Other kills in this place as a percentage of other kills in the entire game.
 E = Experience gained in this place as a percentage of experience gained in the entire game.
 F = Experience gained in this place divided by the number of levels of this place that you have seen.
                   A       B       C       D       E      F
               +-------+-------+-------+-------+-------+----------------------
         Total | 100.0 | 100.0 |  -nan |  -nan | 100.0 | 436.5
       Dungeon | 100.0 | 100.0 |  -nan |  -nan | 100.0 | 498.9
               +-------+-------+-------+-------+-------+----------------------

Vault maps used:
D:1:      dpeg_arrival_pond
D:2:      overflow_temple_1_default, tso_altar, uniq_robin, uniq_sigmund
D:4:      old_standard_altar
D:5:      nicolae_overflow_hidden_temple, first_bread, serial_bayou_lake_a
D:6:      minmay_opposing_rooms, evilmike_ruin_ashenzari
D:7:      kennysheep_little_box, zin_scriptorium, uniq_menkaure, uniq_joseph
Temple:   dpeg_chambers_temple
